 Dungeon Crawl Stone Soup version 0.29-a0-330-g52719c12eb (webtiles) character file.

Game seed: 9066202259897584323

52 Barriton the Stinger (level 3, -1/26 HPs)
             Began as a Draconian Venom Mage on Apr 15, 2022.
             Succumbed to an adder's poison
             ... on level 2 of the Dungeon.
             The game lasted 00:05:10 (2091 turns).

Barriton the Stinger (Draconian Venom Mage)         Turns: 2091, Time: 00:05:10

Health: -1/26      AC:  5    Str: 10    XL:     3   Next: 60%
Magic:  4/7        EV: 12    Int: 17    God:
Gold:   56         SH:  0    Dex: 11    Spells: 4/7 levels left

rFire   + . .      SeeInvis .   g - +0 hand axe
rCold   + . .      Faith    .   (no shield)
rNeg    . . .      Spirit   .   (body armour unavailable)
rPois   +          Reflect  .   (helmet restricted)
rElec   +          Harm     .   (no cloak)
rCorr   +          Rampage  .   (no gloves)
Will    .....                   (no boots)
Stlth   ++........              (no amulet)
HPRegen 0.08/turn               (no ring)
MPRegen 0.10/turn               (no ring)

@: lethally poisoned (-1 -> -5), resistant
A: AC +5, unfitting armour, cold-blooded
a: no special abilities


You were on level 2 of the Dungeon.
You visited 1 branch of the dungeon, and saw 2 of its levels.

You collected 56 gold pieces.

Inventory:

Hand Weapons
 g - a +0 hand axe (weapon)
Scrolls
 b - a scroll of immolation {unknown}
 f - a scroll of amnesia
 h - a scroll of teleportation {unknown}
 j - a scroll of noise {unknown}
Potions
 a - a potion of magic
 c - a potion of flight
 e - a potion of berserk rage
 i - a potion of haste {unknown}
 l - a potion of attraction {unknown}


   Skills:
 + Level 0.3 Fighting
 + Level 0.8 Axes
 + Level 1.9 Dodging
 + Level 2.0 Stealth
 + Level 0.2 Unarmed Combat
 + Level 2.8 Spellcasting
 + Level 1.0 Transmutations
 + Level 3.5 Poison Magic


You had 4 spell levels left.
You knew the following spells:

 Your Spells              Type           Power      Damage    Failure   Level
a - Sting                 Tmut/Pois      40%        1d5       7%          1
b - Poisonous Vapours     Pois/Air       16%        N/A       13%         2

Your spell library contained the following spells:

 Spells                   Type           Power      Damage    Failure   Level
 Mephitic Cloud           Conj/Pois/Air  6%         N/A       32%         3
 Olgreb's Toxic Radiance  Pois           14%        N/A       38%         4


Dungeon Overview and Level Annotations

Branches:
Dungeon (2/15)

Altars:


Innate Abilities, Weirdness & Mutations

Your plain brown scales are hard. (AC +5)
You cannot fit into any form of body armour.
You are cold-blooded and may be slowed by cold attacks.


Message History

Casting: Poisonous Vapours (safe; 13% risk of failure)
Confirm with . or Enter, or press ? or * to list all spells.
Aiming: Poisonous Vapours (safe; 13% risk of failure)
Press: ? - help, Dir - move target, f/p - adder
Aim: an adder Poisonous vapours surround the adder!
The adder is poisoned.
The endoplasm freezes you.
You are frozen.
You feel as though you will be slow longer.
The endoplasm barely misses you.
You hit the endoplasm.
The endoplasm is almost dead.
The endoplasm misses you. The endoplasm hits you.
You hit the endoplasm.
You kill the endoplasm!
The adder closely misses you. The adder bites you.
You are poisoned.
The adder poisons you!
You barely miss the adder.
The adder is moderately wounded.
You feel sick.
The adder looks more healthy.
The adder bites you. x2
* * * LOW HITPOINT WARNING * * *
Your magical contamination has completely faded away.
You hit the adder.
You tail-slap the adder, but do no damage.
The adder is heavily wounded.
You feel sick.
You are no longer poisoned.
The adder bites you but does no damage. The adder bites you.
* * * LOW HITPOINT WARNING * * *
You are lethally poisoned!
The adder poisons you! The adder bites you but does no damage.
You feel protected.
* * * LOW HITPOINT WARNING * * *
You feel sick. The adder bites you but does no damage.
The adder closely misses you.
You closely miss the adder.
The adder is heavily wounded.
You feel yourself speed up.
You die...

#######.## ...
.....[...# ...
#######..# ....
#######...† ....
########...#.....#
#..###..........#.##..#
...#..........#.....#
#.#.#..........####.##
#>..S@.........# #.#
+....#..........####.##
######..........#......
#..........#.##.##
#..........#.#....
#.......##...#..##
#.......###.....#
#.......# #..##.##
######### ##.##...


You could see an adder.

Vanquished Creatures
  2 adders (D:2)
  A worm (D:2)
  A dart slug (D:2)
  A bat (D:1)
  4 endoplasms
  A giant cockroach (D:1)
  A goblin (D:1)
  3 hobgoblins
  2 quokkas (D:1)
  3 ball pythons
  3 frilled lizards
  8 rats
30 creatures vanquished.

Notes
Turn   | Place    | Note
-------+----------+-------------------------------------------
     0 | D:1      | Barriton the Draconian Venom Mage began the quest for the
                  | Orb.
     0 | D:1      | Reached XP level 1. HP: 14/14 MP: 3/3
   589 | D:1      | Reached XP level 2. HP: 17/20 MP: 0/5
  1476 | D:2      | Learned a level 2 spell: Poisonous Vapours
  1565 | D:2      | Reached XP level 3. HP: 19/26 MP: 3/6
  2090 | D:2      | HP: 1/26 [poisoned by an adder]
  2091 | D:2      | Succumbed to an adder's poison

Illustrated notes

Levels and vault maps discovered:
D:1:      nicolae_arrival_memento_mori, layout_loops_ring
D:2:      layout_basic, interstate_on_off

Skill      XL: |  1 |
---------------+----+-----
Stealth        | 2 |  2.0
Fighting       | |  0.3
Axes           | |  0.8
Dodging        | |  1.9
Unarmed Combat | |  0.2
Spellcasting   | |  2.8
Transmutations | |  1.0
Poison Magic   | |  3.5

Action                   || total
-------------------------++-------
Melee: Unarmed           ||    15
       Tailslap          ||     6
       Hand axe          ||    32
 Cast: Sting             ||    35
       Poisonous Vapours ||     4
  Use: Scroll            ||     7
       Potion            ||     1
Armor: Skin              ||    18
Dodge: Dodged            ||    42

Table legend: (Time is in decaauts)
 A = Elapsed time spent in this place.
 B = Non-inter-level travel time spent in this place.
 C = Inter-level travel time spent in this place.
 D = Time resting spent in this place.
 E = Time spent auto-exploring this place.
 F = Levels seen in this place.
 G = Mean time per level.
                   A        B        C        D        E       F      G
               +--------+--------+--------+--------+--------+-----+--------+
         Total |   2105 |   2105 |      0 |      0 |   1815 |   2 | 1052.5 |
       Dungeon |   2105 |   2105 |      0 |      0 |   1815 |   2 | 1052.5 |
               +--------+--------+--------+--------+--------+-----+--------+

Top non-repeatable levels by time:
     D:1: 1319 daAuts
     D:2: 786 daAuts
